 Dungeon Crawl Stone Soup version 0.23.2-1-ga50397a (webtiles) character file.

Game seed: 13170069770762794767

74 Iscandelvey the Vexing (level 4, 28/32 HPs)
             Began as a Demonspawn Arcane Marksman on Apr 17, 2019.
             Quit the game on level 2 of the Dungeon.
             The game lasted 00:02:03 (1553 turns).

Iscandelvey the Vexing (Demonspawn Arcane Marksman) Turns: 1553, Time: 00:02:04

Health: 28/32      AC:  2    Str: 11    XL:     4   Next: 9%
Magic:  7/7        EV: 13    Int: 15    God:
Gold:   25         SH:  0    Dex: 13    Spells: 6/7 levels left

rFire    . . .     SeeInvis .   d - +2 dagger (freeze)
rCold    . . .     Gourm    .   (no shield)
rNeg     . . .     Faith    .   e - +0 robe
rPois    .         Spirit   .   (helmet restricted)
rElec    .         Reflect  .   (no cloak)
rCorr    .         Harm     .   (no gloves)
MR       .....                  (no boots)
Stlth    +.........             (no amulet)
HPRegen  0.10/turn              (no ring)
MPRegen  0.10/turn              (no ring)

@: no status effects
A: horns 1, powered by pain 2
a: no special abilities


You were on level 2 of the Dungeon.
You were not hungry.

You visited 1 branch of the dungeon, and saw 2 of its levels.

You collected 25 gold pieces.

Inventory:

Hand Weapons
 a - a +0 hand crossbow
 d - a +2 dagger of freezing (weapon)
Missiles
 k - 9 bolts
Armour
 e - a +0 robe (worn)
Jewellery
 g - a +4 ring of strength {unknown}
Scrolls
 b - 4 scrolls of identify {unknown}
 h - 3 scrolls of blinking {unknown}
 j - a scroll of amnesia {unknown}
Potions
 c - a potion of flight {unknown}
 i - a potion of lignification {unknown}
Comestibles
 f - 5 rations


   Skills:
 - Level 1.0 Fighting
 + Level 2.4 Crossbows
 + Level 2.5 Dodging
 - Level 0.1 Stealth
 * Level 2.1 Spellcasting
 - Level 3.4 Hexes


You had 6 spell levels left.
You knew the following spells:

 Your Spells              Type           Power        Failure   Level  Hunger
a - Corona                Hex            ##.....      5%          1    #......

Your spell library contained the following spells:

 Spells                   Type           Power        Failure   Level  Hunger
 Slow                     Hex            ##......     9%          2    ###....
 Inner Flame              Hex/Fire       #.......     32%         3    ###....
 Portal Projectile        Hex/Tloc       #.....       32%         3    ###....
 Cause Fear               Hex            ##........   47%         4    #####..
 Leda's Liquefaction      Hex/Erth       #.........   71%         4    #####..


Dungeon Overview and Level Annotations

Branches:
Dungeon (2/15)

Altars:
The Shining One


Innate Abilities, Weirdness & Mutations

You have a pair of small horns on your head.
You sometimes gain power by taking damage.


Message History

You closely miss the adder.
The adder is moderately wounded.
The adder completely misses you.
You closely miss the adder.
The adder is moderately wounded.
The adder misses you. x2
You hit the adder.
The adder seems to slow down.
You freeze the adder.
The adder is heavily wounded.
The adder closely misses you.
You hit the adder.
The adder seems to slow down.
You freeze the adder.
The adder is severely wounded.
The adder barely misses you.
You hit the adder.
The adder seems to slow down.
You freeze the adder.
You kill the adder!
You have reached level 4!
You feel stronger.
You feel monstrous as your demonic heritage exerts itself.
Your demonic ancestry asserts itself...
A pair of horns grows on your head!
Are you sure you want to abandon this character and quit the game? (Confirm with "yes".)

#.# #.# ## #.# .# #.#
#### .# #.# %..
.######.# ##.##
........########...###
###.......÷....†.....#
.....###########@..#...
###..# ##.## ###..# ...
.....# ###.. ####.# ...
#.# .# #.# # #.# #.#


There were no monsters in sight!

Vanquished Creatures
  4 adders (D:2)
  A dart slug (D:2)
  2 leopard geckos
  2 giant cockroaches
  6 goblins
  5 hobgoblins
  4 kobolds
  4 bats
  4 rats
32 creatures vanquished.

Notes
Turn   | Place    | Note
-------+----------+-------------------------------------------
     0 | D:1      | Iscandelvey the Demonspawn Arcane Marksman began the quest
                  | for the Orb.
     0 | D:1      | Reached XP level 1. HP: 15/15 MP: 2/2
    75 | D:1      | Found a glowing golden altar of the Shining One.
   171 | D:1      | Gained mutation: You sometimes gain a little power by
                  | taking damage. [demonic ancestry]
   171 | D:1      | Reached XP level 2. HP: 21/21 MP: 3/3
   654 | D:2      | Gained mutation: You sometimes gain power by taking damage.
                  | [demonic ancestry]
   654 | D:2      | Reached XP level 3. HP: 10/26 MP: 5/5
  1552 | D:2      | Gained mutation: You have a pair of small horns on your
                  | head. [demonic ancestry]
  1552 | D:2      | Reached XP level 4. HP: 27/32 MP: 7/7
  1553 | D:2      | Quit the game

Skill      XL: |  1  2  3 |
---------------+----------+-----
Dodging        | 2 |  2.5
Crossbows      | 2 |  2.4
Spellcasting   | 2 |  2.1
Fighting       | |  1.0
Stealth        | |  0.1
Hexes          | |  3.4

Action                   |  1- 3 |  4- 6 || total
-------------------------+-------+-------++-------
Melee: Dagger            |    27 |       ||    27
 Fire: Hand crossbow     |    74 |       ||    74
  Eat: Chunk             |     2 |       ||     2
Armor: Robe              |    14 |       ||    14
Dodge: Dodged            |    52 |       ||    52
